 Dungeon Crawl Stone Soup version 0.28-a0-793-g31680bbd8b (webtiles) character file.

Game seed: 7646789261165956916

114 nicknak712 the Skirmisher (level 4, -3/35 HPs)
             Began as a Demonspawn Fighter on Nov 4, 2021.
             Slain by a gnoll (8 damage)
             ... on level 2 of the Dungeon.
             The game lasted 00:06:07 (1808 turns).

nicknak712 the Skirmisher (Demonspawn Fighter)      Turns: 1808, Time: 00:06:07

Health: -3/35      AC: 12    Str: 17    XL:     4   Next: 67%
Magic:  4/4        EV:  9    Int: 10    God:
Gold:   79         SH:  4    Dex: 12    Spells: 3/3 levels left

rFire   . . .      SeeInvis .   a - +0 war axe
rCold   . . .      Faith    .   c - +0 buckler
rNeg    . . .      Spirit   .   b - +0 scale mail
rPois   .          Reflect  .   (no helmet)
rElec   .          Harm     .   (no cloak)
rCorr   .          Rampage  .   (no gloves)
Will    .....                   (no boots)
Stlth   ..........              (no amulet)
HPRegen 0.11/turn               (no ring)
MPRegen 0.09/turn               (no ring)

@: sanguine armoured
A: spiny 1, sanguine armour 1
a: no special abilities


You were on level 2 of the Dungeon.
You visited 1 branch of the dungeon, and saw 2 of its levels.

You collected 79 gold pieces.

Inventory:

Hand Weapons
 a - a +0 war axe (weapon)
Armour
 b - a +0 scale mail (worn)
 c - a +0 buckler (worn)
Scrolls
 e - 2 scrolls of identify {unknown}
 f - 2 scrolls of teleportation {unknown}
 i - a scroll of immolation {unknown}
 k - a scroll of vulnerability {unknown}
Potions
 d - a potion of might
 g - a potion of resistance {unknown}
 h - 2 potions of ambrosia {unknown}
 j - a potion of brilliance {unknown}


   Skills:
 + Level 3.5 Fighting
 * Level 3.1 Axes
 + Level 3.2 Armour
 + Level 3.3 Shields


You had 3 spell levels left.
You didn't know any spells.
Your spell library was empty.

Dungeon Overview and Level Annotations

Branches:
Dungeon (2/15)

Altars:


Innate Abilities, Weirdness & Mutations

You are partially covered in sharp spines.
When seriously injured, your bleeding wounds create armour. (AC +6)


Message History

A gnoll is nearby!
A gnoll comes into view. It is wielding a +0 club.
You barely miss the gnoll.
The gnoll shouts!
A gnoll comes into view. It is wielding a +0 club.
The gnoll hits you with a +0 whip of electrocution.
The gnoll moves out of view.
You hit the gnoll.
The gnoll is moderately wounded.
You block the gnoll's attack. The gnoll barely misses you.
You hit the gnoll.
The gnoll is heavily wounded.
You slash the gnoll!
The gnoll is severely wounded.
The gnoll hits you with a +0 club.
The gnoll hits you with a +0 whip of electrocution.
The gnoll shouts!
You slash the gnoll!
You kill the gnoll!
You slash the gnoll!
Your Axes skill increases to level 3!
You slash the gnoll!
You kill the gnoll!
A gnoll comes into view. It is wielding a +0 halberd.
Things that are here:
a +0 club; a gnoll corpse You barely miss the gnoll.
The gnoll hits you with a +0 club.
You barely miss the gnoll.
The gnoll hits you from afar with a +0 halberd.
Your blood congeals into armour.
The gnoll hits you but does no damage.
The gnoll hits you from afar with a +0 halberd!
You are too injured to fight recklessly!
You are too injured to fight recklessly!
You are too injured to fight recklessly!
You slash the gnoll!
You kill the gnoll!
The gnoll hits you from afar with a +0 halberd!
* * * LOW HITPOINT WARNING * * *
The gnoll hits you with a +0 halberd!
You die...

######.# #.# #.# #.#
#.###### #####
##[.<...## ...#
##.†.#.....
#####.#####..†.......
#.)g@).....#...#...#.
#.###>####.........#.
#.# ####..#.#.#. ..#
#........ .###
#'####### #. ... # .
#


You could see a gnoll.

Vanquished Creatures
  Natasha (D:2)
  3 gnolls (D:2)
  An adder (D:2)
  3 dart slugs
  4 bats
  3 endoplasms
  3 giant cockroaches
  4 goblins
  7 hobgoblins
  3 kobolds
  3 quokkas (D:1)
  3 ball pythons
  2 frilled lizards
  4 rats (D:1)
44 creatures vanquished.

Notes
Turn   | Place    | Note
-------+----------+-------------------------------------------
     0 | D:1      | nicknak712 the Demonspawn Fighter began the quest for the
                  | Orb.
     0 | D:1      | Reached XP level 1. HP: 18/18 MP: 1/1
   461 | D:1      | Gained mutation: You are partially covered in sharp spines.
                  | [demonic ancestry]
   461 | D:1      | Reached XP level 2. HP: 21/24 MP: 2/2
   982 | D:1      | Gained mutation: When seriously injured, your bleeding
                  | wounds create armour. (AC +6) [demonic ancestry]
   982 | D:1      | Reached XP level 3. HP: 28/29 MP: 3/3
  1379 | D:2      | Noticed Natasha
  1389 | D:2      | Killed Natasha
  1390 | D:2      | Reached XP level 4. HP: 22/35 MP: 4/4
  1808 | D:2      | Slain by a gnoll

Illustrated notes

Levels and vault maps discovered:
D:1:      psy_arrival_radial01, layout_basic
D:2:      layout_loops_corners, uniq_sigmund, uniq_natasha

Skill      XL: |  1  2  3  4 |
---------------+-------------+-----
Axes           | 2 3 |  3.1
Shields        | 3 |  3.3
Armour         | 3 |  3.2
Fighting       | |  3.5

Action                   |  1- 3 |  4- 6 || total
-------------------------+-------+-------++-------
Melee: War axe           |    77 |    19 ||    96
Armor: Scale mail        |    40 |     6 ||    46
Dodge: Dodged            |    32 |     3 ||    35
Block: Buckler           |    11 |     1 ||    12

Table legend: (Time is in decaauts)
 A = Elapsed time spent in this place.
 B = Non-inter-level travel time spent in this place.
 C = Inter-level travel time spent in this place.
 D = Time resting spent in this place.
 E = Time spent auto-exploring this place.
 F = Levels seen in this place.
 G = Mean time per level.
                   A        B        C        D        E       F      G
               +--------+--------+--------+--------+--------+-----+--------+
         Total |   1847 |   1810 |     37 |    410 |   1137 |   2 |  923.5 |
       Dungeon |   1847 |   1810 |     37 |    410 |   1137 |   2 |  923.5 |
               +--------+--------+--------+--------+--------+-----+--------+

Top non-repeatable levels by time:
     D:1: 1174 daAuts
     D:2: 672 daAuts
